 Dungeon Crawl Stone Soup version 0.16-a0-4056-gee4db93 (webtiles) character file.

41908 kroki the Bludgeoner (level 14, 0/153 (156) HPs)
             Began as an Ogre Berserker on Feb 20, 2015.
             Was the Champion of Trog.
             Slain by an orc high priest
             ... wielding a +0 war axe
              (6 damage)
             ... on level 4 of the Orcish Mines.
             The game lasted 00:44:28 (20643 turns).

kroki the Bludgeoner (Ogre Berserker)              Turns: 20643, Time: 00:44:29

HP:   0/153 (156)   AC: 12    Str: 25    XL:     14   Next: 17%
MP:   7/7           EV: 16    Int:  2    God:    Trog [******]
Gold: 1299          SH:  0    Dex: 18    Spells: 0 memorised, 13 levels left

rFire  . . .     SeeInvis .     E - +9 giant spiked club (antimagic) {god gift}
rCold  . . .     Clarity  .     X - +0 mottled dragon armour
rNeg   + . .     SustAb   .     (shield restricted)
rPois  .         Gourm    .     S - +0 hat
rElec  +         Spirit   .     m - +1 cloak
rCorr  .         Warding  +     (gloves unavailable)
rMut   .         Stasis   .     (boots unavailable)
MR     +++..                    T - amulet of warding
Stlth  ++........               r - +3 ring of protection
                                y - ring "Xiemp" {rElec Dex+5 Stlth+}

@: regenerating, lost intelligence, drained, very slow, extremely resistant to
hostile enchantments, unstealthy
A: unfitting armour, dopey 2, tough skin 1, placid magic 1
a: Burn Spellbooks, Berserk, Trog's Hand, Brothers in Arms, Renounce Religion


You were on level 4 of the Orcish Mines.
You worshipped Trog.
Trog was exalted by your worship.
You were not hungry.

You visited 3 branches of the dungeon, and saw 20 of its levels.
You also visited: Bailey and Ice Cave.

You collected 2317 gold pieces.
You spent 1018 gold pieces at shops.

Inventory:

Hand weapons
 E - a +9 antimagic giant spiked club (weapon) {god gift}
   (Trog gifted it to you on level 1 of the Lair of Beasts)
Missiles
 d - 444 stones (quivered)
Armour
 m - a +1 cloak (worn)
   (You took it off Crazy Yiuf on level 3 of the Dungeon)
 S - a +0 hat (worn)
   (You took it off Gastronok on level 2 of the Lair of Beasts)
 X - a +0 mottled dragon armour (worn)
   (You found it on level 11 of the Dungeon)
Rods
 c - a +0 lightning rod (9/9) {!a}
   (You found it on level 11 of the Dungeon)
Jewellery
 f - an uncursed ring of ice
   (You found it on level 9 of the Dungeon)
 r - a +3 ring of protection (right hand)
   (You found it on level 12 of the Dungeon)
 v - an uncursed ring of see invisible
   (You found it on level 6 of the Dungeon)
 y - the ring "Xiemp" (left hand) {rElec Dex+5 Stlth+}
   (You bought it in a shop on level 7 of the Dungeon)

   [ring of stealth]

   It affects your dexterity (+5).
   It insulates you from electricity.
   It makes you more stealthy.
 z - an uncursed ring of poison resistance
   (You found it on level 10 of the Dungeon)
 T - an amulet of warding (around neck)
   (You found it on level 11 of the Dungeon)
Magical devices
 b - a wand of enslavement (17)
   (You found it on level 12 of the Dungeon)
 h - a wand of heal wounds (2)
   (You found it on level 1 of the Lair of Beasts)
 o - a wand of cold (3)
   (You took it off Maurice on level 11 of the Dungeon)
 A - a wand of lightning (2)
   (You found it on level 10 of the Dungeon)
 J - a wand of disintegration (8)
   (You found it on level 1 of the Lair of Beasts)
 M - a wand of frost (9)
   (You found it on level 12 of the Dungeon)
 P - a wand of enslavement (11)
   (You took it off Erolcha on level 3 of the Orcish Mines)
 R - a wand of fireball (0)
   (You found it on level 2 of the Lair of Beasts)
 V - a wand of confusion (29)
   (You found it on level 4 of the Lair of Beasts)
Scrolls
 e - a scroll of fog
 j - 2 scrolls of fear
 n - 2 scrolls of amnesia
 t - 5 scrolls of recharging
 u - 3 scrolls of magic mapping
 x - a scroll of identify
 H - 5 scrolls of enchant armour
 K - 4 scrolls of blinking
 L - 3 scrolls of teleportation
 O - 3 scrolls of remove curse
 U - 2 scrolls of vulnerability
Potions
 a - 9 potions of heal wounds
 g - 3 potions of lignification
 i - 6 potions of might
 k - 11 potions of curing
 l - a potion of ambrosia
 q - 4 potions of restore abilities
 s - a potion of agility
 w - 2 potions of flight
 B - 2 potions of berserk rage
 C - 2 potions of brilliance
 F - a potion of beneficial mutation
 I - 4 potions of haste
 N - 3 potions of invisibility
Miscellaneous
 D - a disc of storms
   (You found it on level 12 of the Dungeon)
 Q - a plain deck of defence {the Alchemist}
   (You found it on level 12 of the Dungeon)
Comestibles
 p - 13 bread rations
 Y - 12 royal jellies


   Skills:
 + Level 14.2(13.7) Fighting
 + Level 20.4(19.8) Maces & Flails
 + Level 2.3(1.9) Armour
 + Level 10.4(9.9) Dodging
 - Level 6.3(5.9) Evocations


You had 13 spell levels left.
You didn't know any spells.

Dungeon Overview and Level Annotations

Branches:
Dungeon (12/15)            Temple (0/1) D:5            Lair (4/8) D:8
 Spider (0/5) Lair:3          Orc (4/4) D:12            Elf (0/3) Orc:4
  Swamp: Lair:3-6    Shoals: Lair:3-6

Altars:
Ashenzari
Elyvilon
Nemelex Xobeh
Trog
Yredelemnul

Shops:
D:6 *   D:7 =   D:10 :%}   D:11 !   D:12 (   Orc:1 !

Annotations:
D:5 exclusion: orc wizard, Prince Ribbit


Innate Abilities, Weirdness & Mutations

You are too large for most types of armour.
You have tough skin (AC +1).
You are very dopey. (Int -4)
Your spells are a little easier to cast, but a little less powerful.


Message History

The orc wizard gestures wildly while chanting.
The orc wizard flickers and vanishes!
Deactivating autopickup; reactivate with Ctrl-A.
The orc knight roars a battlecry!
The orcs go into a battle-frenzy!
The soul eater barely misses you. The orc high priest barely misses you.
You barely miss the orc high priest.
The orc high priest is heavily wounded.
The crimson imp blinks!
The smoke demon gestures at you. Something smites you!
The soul eater hits you!!
* * * LOW HITPOINT WARNING * * *
The orc wizard casts a spell.
The orc wizard flickers and vanishes!
The orc knight roars a battlecry!
The orc warrior goes into a battle-frenzy!
The orc high priest hits you but does no damage.
The neqoxec gestures.
Drink which item? (? for menu, Esc to quit)
Okay, then.
Read which item? (? for menu, Esc to quit)
You almost manage to decipher the scroll, but fail in this attempt.
The orc knight hits you with a battleaxe!!
* * * LOW HITPOINT WARNING * * *
The orc high priest hits you but does no damage.
The soul eater misses you. Something barely misses you.
The crimson imp blinks!
The orc knight hits you with a battleaxe!
* * * LOW HITPOINT WARNING * * *
The orc high priest completely misses you.
The soul eater barely misses you.
Evoke which item? (* to show all) (? for menu, Esc to quit)
Zapping:
h - a wand of heal wounds (3)
Press: ? - help, Shift-Dir - straight line, f - you You feel much better.
This wand has 2 charges left.
Something hits you but does no damage. Something closely misses you.
The smoke demon tries to attack you, but flinches away.
The smoke demon closely misses you.
The smoke demon tries to attack you, but flinches away.
The soul eater hits you!!
* * * LOW HITPOINT WARNING * * *
The orc warrior hits you from afar with a glaive.
* * * LOW HITPOINT WARNING * * *
The orc high priest misses you. The orc knight barely misses you.
You hear some strange, mumbled words.
The puff of frost misses you.
The puff of frost misses the soul eater.
The smoke demon barely misses you. x2
The smoke demon tries to attack you, but flinches away.
The soul eater hits you!
* * * LOW HITPOINT WARNING * * *
You partially resist.
You feel drained.
Drink which item? (? for menu, Esc to quit)
You feel your intelligence returning. The magic dart hits you!
The orc high priest hits you but does no damage.
The orc warrior barely misses you. The orc knight completely misses you.
You hear some strange, mumbled words.
The puff of frost hits you!
* * * LOW HITPOINT WARNING * * *
The smoke demon barely misses you. The smoke demon misses you.
The smoke demon barely misses you. The soul eater hits you!
* * * LOW HITPOINT WARNING * * *
You partially resist.
You feel drained.
The orc high priest hits you with a war axe.
You die...

##....# #.........#### ##....#
####.......# ###.....###
#.......## #$........##
###....##### ######....)....)#
#.......#..###
.....#(.)).))..#####.........###)
...(.#)))))...3##.....###.#....)#
....(()).)...5.o{..))..#####..###
.....((.5...5oo3@...)...##...).#
.....((....####o3..)).)##....^.#
.....(..)### ##......).......##
.....(..## ##.#..##......##
.....#(## ######......## .....#.#
####......### ########
#.#.........# ##.#.........##
###......#......##


You could see an orc knight, a soul eater, an orc high priest, a smoke demon, a
neqoxec, an orc warrior (frenzied), an iron imp, a quasit, a crimson imp and an
orc (frenzied).

Vanquished Creatures
  An orc warlord (Orc:4)
  Gastronok (Lair:2)
  2 hydras
  The ghost of chris the Frost Mage, a powerful DEAr of Vehumet (D:11)
  Nergalle (D:10)
  A fire crab (D:10)
  2 ice devils (IceCv)
  An unseen horror (D:10)
  3 ice statues (IceCv)
  Erolcha (Orc:3)
  A necromancer (IceCv)
  2 manticores (D:12)
  A wizard (D:9)
  10 orc knights
  2 hill giants
  3 orc sorcerers
  2 elephants (Lair:1)
  Maurice (D:11)
  A black mamba (Lair:3)
  4 spiny frogs
  A torpor snail (Lair:3)
  A fire drake (Lair:1)
  A komodo dragon (Lair:1)
  A kobold demonologist (D:12)
  2 two-headed ogres
  6 blue devils (IceCv)
  A queen bee (D:9)
  3 trolls
  A boulder beetle (Lair:4)
  7 blink frogs
  4 trapdoor spiders (Lair:3)
  A spriggan (D:7)
  3 hippogriffs
  A hungry ghost (D:10)
  Eustachio (Orc:2)
  A steam dragon (D:10)
  14 yaks
  A warg (Orc:3)
  5 wolves (Lair:1)
  Edmund (D:6)
  A mottled dragon (D:11)
  8 water moccasins
  2 ice beasts
  8 porcupines
  30 orc warriors
  Purgy (D:3)
  An eye of draining (D:10)
  3 phantoms
  6 ogres
  2 black bears
  A wasp (D:10)
  A sky beast (D:11)
  A necrophage (D:9)
  3 centaurs
  7 crocodiles
  A big kobold (D:9)
  10 giant frogs
  The ghost of chris the Cutter, an average DEAr (D:3)
  4 scorpions
  26 killer bees
  7 wights
  A quasit (D:8)
  2 goliath beetles
  A centaur zombie (D:9)
  2 crimson imps
  9 hounds
  A draconian simulacrum (IceCv)
  A giant frog skeleton (D:12)
  A jelly (D:6)
  Crazy Yiuf (D:3)
  A centaur skeleton (D:4)
  25 orc priests
  5 iguanas
  38 orc wizards
  8 worker ants
  2 troll simulacra (IceCv)
  19 sheep
  3 centaur simulacra (IceCv)
  A hound zombie (D:10)
  Terence (D:3)
  A worker ant zombie (D:8)
  3 hound skeletons
  5 gnolls
  2 ogre simulacra (IceCv)
  47 river rats
  13 adders
  2 naga simulacra (IceCv)
  2 giant mites
  2 shadow imps
  2 worms (D:4)
  2 adder zombies
  2 adder skeletons
  6 giant geckos
  An ooze (D:6)
  202 orcs
  4 ball pythons
  17 hobgoblins
  16 jackals
  4 quokkas
  8 bats
  12 giant cockroaches
  4 giant newts
  A giant spore (D:9)
  23 goblins
  A jackal skeleton (D:5)
  12 kobolds
  2 orc zombies (D:11)
  9 rats
  2 ballistomycetes (D:9)
750 creatures vanquished.

Vanquished Creatures (collateral kills)
  6 killer bees (D:9)
  4 orcs (Bailey)
10 creatures vanquished.

Vanquished Creatures (others)
  A hellwing (D:9)
  A basilisk (D:9)
  A water elemental (D:9)
  2 orcs (Orc:3)
  2 goblins
  3 fungi
10 creatures vanquished.

Grand Total: 770 creatures vanquished

Notes
Turn   | Place    | Note
--------------------------------------------------------------
     0 | D:1      | kroki, the Ogre Berserker, began the quest for the Orb.
     0 | D:1      | Reached XP level 1. HP: 24/24 MP: 1/1
   134 | D:1      | Reached XP level 2. HP: 26/32 MP: 2/2
   227 | D:1      | Reached skill level 5 in Maces & Flails
   484 | D:1      | Acquired Trog's second power
   580 | D:1      | Reached XP level 3. HP: 36/39 MP: 3/3
   879 | D:2      | Reached skill level 6 in Maces & Flails
   982 | D:2      | You fall through a shaft!
   982 | D:3      | Noticed chris' ghost (average DEAr)
   996 | D:3      | Killed chris' ghost
   996 | D:3      | Reached skill level 7 in Maces & Flails
   996 | D:3      | Reached XP level 4. HP: 48/48 MP: 4/4
   996 | D:3      | Reached XP level 5. HP: 54/54 MP: 5/5
  1039 | D:3      | Gained mutation: Your spells are a little easier to cast, but a little less powerful. [potion of mutation]
  1039 | D:3      | Gained mutation: You are dopey. (Int -2) [potion of mutation]
  1039 | D:3      | Gained mutation: You are very dopey. (Int -4) [potion of mutation]
  1053 | D:3      | Noticed Purgy
  1067 | D:3      | Killed Purgy
  1067 | D:3      | Reached skill level 8 in Maces & Flails
  1126 | D:3      | Reached XP level 6. HP: 32/62 MP: 6/6
  1223 | D:3      | Reached skill level 2 in Dodging
  1381 | D:3      | Noticed Crazy Yiuf
  1388 | D:3      | Killed Crazy Yiuf
  1514 | D:3      | Noticed Terence
  1519 | D:3      | Killed Terence
  2011 | D:3      | Found a sparkling altar of Nemelex Xobeh.
  2098 | D:4      | Reached skill level 9 in Maces & Flails
  2195 | D:4      | Reached XP level 7. HP: 46/71 MP: 7/7
  2242 | D:4      | Reached skill level 5 in Fighting
  2440 | D:4      | Reached skill level 3 in Dodging
  2861 | D:4      | Acquired Trog's third power
  3223 | D:5      | Entered Level 5 of the Dungeon
  3454 | D:5      | Found a staircase to the Ecumenical Temple.
  3520 | D:5      | Reached skill level 10 in Maces & Flails
  3584 | D:5      | Noticed Prince Ribbit
  4181 | D:6      | Found Saaluan's General Store.
  4221 | D:6      | Reached XP level 8. HP: 76/83 MP: 8/8
  4427 | D:6      | Reached skill level 11 in Maces & Flails
  4501 | D:6      | Noticed Edmund
  4509 | D:6      | Killed Edmund
  5011 | D:6      | Noticed a yak
  5024 | D:6      | Reached skill level 12 in Maces & Flails
  5028 | D:6      | Killed a yak
  5293 | D:6      | Reached skill level 13 in Maces & Flails
  5491 | D:7      | Reached XP level 9. HP: 67/89 MP: 9/9
  5630 | D:7      | Received a gift from Trog
  5964 | D:7      | Found Hyohuo's Jewellery Emporium.
  6160 | D:7      | Reached skill level 14 in Maces & Flails
  6593 | D:8      | Found a staircase to the Lair.
  6749 | D:8      | Reached skill level 15 in Maces & Flails
  6795 | D:8      | Found a basalt altar of Yredelemnul.
  6937 | Lair:1   | Entered Level 1 of the Lair of Beasts
  7012 | Lair:1   | Noticed an eight-headed hydra
  7021 | Lair:1   | Killed an eight-headed hydra
  7021 | Lair:1   | Reached skill level 16 in Maces & Flails
  7021 | Lair:1   | Reached XP level 10. HP: 33/98 MP: 10/10
  7093 | Lair:1   | Noticed a fire drake
  7524 | Lair:1   | Noticed a spiny frog
  7552 | Lair:1   | Killed a spiny frog
  7552 | Lair:1   | Reached skill level 17 in Maces & Flails
  7785 | Lair:1   | Reached skill level 6 in Fighting
  7909 | Lair:1   | Noticed an elephant
  7987 | Lair:1   | Killed a fire drake
  7987 | Lair:1   | Reached skill level 4 in Dodging
  7988 | Lair:1   | Noticed a komodo dragon
  8008 | Lair:1   | Killed a komodo dragon
  8117 | Lair:1   | Reached skill level 7 in Fighting
  8173 | Lair:1   | Received a gift from Trog
  8561 | Lair:1   | Noticed an elephant
  8561 | Lair:1   | Noticed an elephant
  8567 | Lair:1   | Noticed an elephant
  8570 | Lair:1   | Noticed an elephant
  8572 | Lair:1   | Noticed an elephant
  8575 | Lair:1   | Noticed an elephant
  8607 | Lair:1   | Killed an elephant
  8607 | Lair:1   | Reached skill level 5 in Dodging
  8612 | Lair:1   | Killed an elephant
  8612 | Lair:1   | Reached skill level 8 in Fighting
  8612 | Lair:1   | Reached XP level 11. HP: 54/111 MP: 3/11
  9342 | Lair:2   | Reached skill level 6 in Dodging
  9347 | Lair:2   | Reached skill level 18 in Maces & Flails
  9426 | Lair:2   | Reached skill level 9 in Fighting
  9595 | Lair:3   | Received a gift from Trog
  9696 | Lair:2   | Noticed Gastronok
  9705 | Lair:2   | Killed Gastronok
  9975 | Lair:3   | Found a runed door.
 10191 | Lair:3   | Reached skill level 10 in Fighting
 10421 | Lair:3   | Reached skill level 7 in Dodging
 10438 | Lair:3   | Found a hole to the Spider Nest.
 11188 | Lair:3   | Noticed a six-headed hydra
 11195 | Lair:3   | Killed a six-headed hydra
 11195 | Lair:3   | Reached XP level 12. HP: 128/128 MP: 4/12
 11448 | D:7      | Bought the ring "Xiemp" {rElec Dex+5 Stlth+} for 588 gold pieces
 11639 | Lair:4   | Reached skill level 11 in Fighting
 11686 | Lair:4   | Received a gift from Trog
 12030 | Lair:4   | Reached skill level 8 in Dodging
 12251 | Lair:4   | Reached skill level 1 in Evocations
 12366 | Lair:4   | Reached skill level 19 in Maces & Flails
 13249 | D:9      | Reached skill level 2 in Evocations
 13527 | D:10     | Entered Level 10 of the Dungeon
 13530 | D:10     | Found a flagged portal.
 13630 | Bailey   | Entered a bailey
 13799 | Bailey   | Received a gift from Trog
 14134 | Bailey   | Reached skill level 12 in Fighting
 14134 | Bailey   | Reached skill level 3 in Evocations
 14397 | Bailey   | Identified a scroll of acquirement
 14553 | D:10     | Found Siplaate's Gadget Boutique.
 14620 | D:10     | Found a large runed door.
 14621 | D:10     | Found a large runed door.
 14635 | D:10     | Reached skill level 9 in Dodging
 14635 | D:10     | Reached XP level 13. HP: 75/137 MP: 4/20
 14864 | D:10     | Found Cligeam's Food Shoppe.
 14880 | D:10     | Reached skill level 4 in Evocations
 14972 | D:10     | Noticed Nergalle
 14979 | D:10     | Killed Nergalle
 15186 | D:10     | Found Costramn's Book Shoppe.
 15465 | D:10     | Found a shattered altar of Ashenzari.
 15501 | D:10     | Found a bloodstained altar of Trog.
 15504 | D:10     | Got a polished dagger
 15716 | D:11     | Found Dietoej's Distillery.
 15725 | D:11     | Bought a potion of heal wounds for 70 gold pieces
 15725 | D:11     | Bought a potion of haste for 140 gold pieces
 15792 | D:11     | Noticed chris' ghost (powerful DEAr)
 15800 | D:11     | Killed chris' ghost
 16003 | D:11     | Noticed Maurice
 16012 | D:11     | Reached skill level 13 in Fighting
 16019 | D:11     | Killed Maurice
 16115 | D:11     | Identified a +0 lightning rod (9/9) {!a} (You found it on level 11 of the Dungeon)
 16404 | D:12     | Found Bluremai's Antique Weapon Shop.
 16413 | D:12     | Received a gift from Trog
 16524 | D:12     | Reached skill level 5 in Evocations
 16642 | D:12     | Found a staircase to the Orcish Mines.
 16694 | D:12     | Got an opalescent robe
 16844 | D:12     | Identified the cursed -2 robe of Imperfection {Int+3} (You found it on level 12 of the Dungeon)
 16982 | Orc:1    | Entered Level 1 of the Orcish Mines
 17154 | Orc:1    | Found a frozen archway.
 17171 | IceCv    | Entered an ice cave
 17364 | IceCv    | Reached skill level 20 in Maces & Flails
 17751 | IceCv    | Reached skill level 10 in Dodging
 17766 | IceCv    | Got an iridescent flail
 17998 | IceCv    | Reached skill level 6 in Evocations
 18099 | Orc:1    | Received a gift from Trog
 18132 | Orc:1    | Found Mozxocri's Distillery.
 18148 | Orc:1    | Received a gift from Trog
 18152 | Orc:1    | Got a twisted dire flail {god gift}
 18153 | Orc:1    | Identified the +8 dire flail "Moacu" {god gift, drain, Str+4 Int+4} (Trog gifted it to you on level 1 of the Orcish Mines)
 18173 | Orc:1    | Bought 2 potions of heal wounds for 110 gold pieces
 18173 | Orc:1    | Bought a potion of haste for 110 gold pieces
 18285 | Orc:2    | Noticed Eustachio
 18304 | Orc:2    | Killed Eustachio
 18728 | Orc:3    | Received a gift from Trog
 18962 | Orc:3    | Noticed Erolcha
 18972 | Orc:3    | Killed Erolcha
 19482 | Orc:1    | Reached XP level 14. HP: 151/151 MP: 7/23
 19774 | Orc:4    | Entered Level 4 of the Orcish Mines
 19829 | Orc:4    | Received a gift from Trog
 19866 | Orc:4    | Found a staircase to the Elven Halls.
 19927 | Orc:4    | Found a white marble altar of Elyvilon.
 20243 | Orc:4    | Noticed an orc warlord
 20283 | Orc:4    | Reached skill level 14 in Fighting
 20361 | Orc:4    | Killed an orc warlord
 20361 | Orc:4    | Reached skill level 2 in Armour
 20632 | Orc:4    | Lost intelligence.
 20643 | Orc:4    | HP: 6/153 [soul eater[an orc high priest] (7)]
 20643 | Orc:4    | Slain by an orc high priest

Action                   |  1- 3 |  4- 6 |  7- 9 | 10-12 | 13-15 || total
-------------------------+-------+-------+-------+-------+-------++-------
Melee: Mace              |    78 |    35 |       |       |       ||   113
       Flail             |       |   110 |   118 |       |       ||   228
       Giant spiked club |       |       |   237 |   615 |   603 ||  1455
Throw: Stone             |     5 |    31 |    41 |    45 |    81 ||   203
Invok: Berserk           |     4 |     4 |    13 |    13 |     8 ||    42
       Trog's Hand       |       |     2 |     2 |    17 |     9 ||    30
       Burn Spellbooks   |       |       |       |     1 |     1 ||     2
       Brothers in Arms  |       |       |       |     1 |       ||     1
Evoke: Wand              |       |       |     9 |    18 |     5 ||    32
       Deck              |       |       |       |     9 |       ||     9
  Use: Scroll            |     2 |       |    15 |    21 |     8 ||    46
       Potion            |       |     2 |       |     2 |     2 ||     6
 Stab: Sleeping          |       |       |     1 |       |     2 ||     3
       Distracted        |       |       |       |     1 |     4 ||     5
       Petrified         |       |       |       |     1 |       ||     1
  Eat: Meat ration       |     1 |     1 |     3 |     3 |     2 ||    10
       Chunk             |       |     2 |    13 |     8 |     5 ||    28
       Beef jerky        |       |       |     1 |     2 |     2 ||     5
       Pizza             |       |       |     1 |       |       ||     1
       Royal jelly       |       |       |       |     4 |     1 ||     5
       Bread ration      |       |       |       |     2 |     1 ||     3
       Fruit             |       |       |       |       |     2 ||     2
